 Dungeon Crawl Stone Soup version 0.29-a0-352-g0917bc69df (webtiles) character file.

Game seed: 3437719190802329027

48 Morbidden the Skirmisher (level 3, -2/29 HPs)
             Began as a Demonspawn Fighter on Apr 23, 2022.
             Killed from afar by a white imp (10 damage)
             ... with a puff of frost
             ... summoned by Natasha
             ... on level 2 of the Dungeon.
             The game lasted 00:01:08 (1083 turns).

Morbidden the Skirmisher (Demonspawn Fighter)       Turns: 1083, Time: 00:01:08

Health: -2/29      AC: 11    Str: 16    XL:     3   Next: 50%
Magic:  3/3        EV:  5    Int: 11    God:
Gold:   60         SH:  8    Dex: 12    Spells: 2/2 levels left

rFire   . . .      SeeInvis .   a - +0 war axe
rCold   . . .      Faith    .   b - +0 kite shield
rNeg    . . .      Spirit   .   m - +0 chain mail
rPois   +          Reflect  .   (no helmet)
rElec   .          Harm     .   (no cloak)
rCorr   .          Rampage  .   (no gloves)
Will    +....                   (no boots)
Stlth   ..........              (no amulet)
HPRegen 0.09/turn               f - ring of willpower
MPRegen 0.08/turn               i - ring of poison resistance

@: no status effects
A: thin metallic scales 1, demonic guardian 1
a: no special abilities


You were on level 2 of the Dungeon.
You visited 1 branch of the dungeon, and saw 2 of its levels.

You collected 60 gold pieces.

Inventory:

Hand Weapons
 a - a +0 war axe (weapon)
Armour
 b - a +0 kite shield (worn)
 m - a +0 chain mail (worn)
Jewellery
 f - a ring of willpower (left hand)
 i - a ring of poison resistance (right hand)
Scrolls
 c - a scroll of fog {unknown}
 g - 2 scrolls of identify {unknown}
Potions
 d - 3 potions of might
 e - a potion of lignification {unknown}
 h - a potion of heal wounds {unknown}
 j - 2 potions of brilliance {unknown}
 k - a potion of flight {unknown}
 l - 2 potions of ambrosia {unknown}


   Skills:
 * Level 3.4 Fighting
 * Level 2.7 Axes
 + Level 3.0 Armour
 + Level 2.8 Shields


You had 2 spell levels left.
You didn't know any spells.
Your spell library contained the following spells:

 Spells                   Type           Power      Damage    Failure   Level
 Animate Skeleton         Necr           0%         N/A       100%        1
 Apportation              Tloc           0%         N/A       100%        1
 Summon Small Mammal      Summ           0%         N/A       100%        1


Dungeon Overview and Level Annotations

Branches:
Dungeon (2/15)

Altars:

Shops:
D:2 (

Annotations:
D:2 Natasha, Sigmund


Innate Abilities, Weirdness & Mutations

You are partially covered in thin metallic scales. (AC +2)
A weak demonic guardian rushes to your aid.


Message History

The ball python constricts you.
Natasha mewls in sadness.
You block Natasha's attack. You block the ball python's attack.
The ball python constricts you. Natasha claws you but does no damage.
You hit the ball python.
The ball python is severely wounded.
You barely miss Natasha. The ball python bites you.
The ball python constricts you. Natasha claws you.
You block the ball python's attack. The ball python constricts you.
Unknown command.
You are too injured to fight recklessly!
You are too injured to fight recklessly!
Unknown command.
You are too injured to fight recklessly!
You are too injured to fight recklessly!
You miss Natasha. You closely miss the ball python.
Natasha hisses.
Natasha claws you.
* * * LOW HITPOINT WARNING * * *
The ball python bites you but does no damage.
The ball python constricts you. You block Natasha's attack.
The ball python bites you but does no damage.
The ball python constricts you.
You closely miss Natasha. You hit the ball python.
You kill the ball python!
The white imp disappears in a puff of smoke!
Natasha claws you but does no damage. The white imp barely misses you.
You hit Natasha but do no damage. You barely miss the white imp.
You block Natasha's attack.
The white imp hits you but does no damage.
Natasha casts a spell.
Unknown command.
You slash Natasha!
Natasha is heavily wounded.
You hit the white imp.
The white imp hits you but does no damage.
You block Natasha's attack. The white imp gestures at you.
The puff of frost hits you!
You die...

... #... ....
#.... ###....
#..$. .......
.... .$.....
#..# .......
##..##h......
#....@55.....
#.#..####....
##<# . #.#
#.##.# ### ..
#.# #.. >.
...
###.##.####..
............


You could see Natasha, a crimson imp (summoned) and a white imp (summoned).

Vanquished Creatures
  A dart slug (D:1)
  3 orcs (D:2)
  4 ball pythons
  An endoplasm (D:1)
  2 giant cockroaches (D:1)
  A goblin (D:1)
  6 hobgoblins
  8 jackals (D:2)
  A quokka (D:1)
  5 bats
  A frilled lizard (D:1)
  3 kobolds (D:1)
  A rat (D:1)
37 creatures vanquished.

Notes
Turn   | Place    | Note
-------+----------+-------------------------------------------
     0 | D:1      | Morbidden the Demonspawn Fighter began the quest for the
                  | Orb.
     0 | D:1      | Reached XP level 1. HP: 18/18 MP: 1/1
   130 | D:1      | Gained mutation: You are partially covered in thin metallic
                  | scales. (AC +2) [demonic ancestry]
   130 | D:1      | Reached XP level 2. HP: 24/24 MP: 2/2
   344 | D:1      | Found a faded altar of an unknown god.
   575 | D:2      | Gained mutation: A weak demonic guardian rushes to your
                  | aid. [demonic ancestry]
   575 | D:2      | Reached XP level 3. HP: 29/29 MP: 3/3
   710 | D:2      | Found Umoydit's Antique Weapon Emporium.
   807 | D:2      | Noticed Sigmund
  1065 | D:2      | Noticed Natasha
  1083 | D:2      | Killed from afar by a white imp

Illustrated notes

Levels and vault maps discovered:
D:1:      mrwooster_arrival_statue, layout_loops_ring, basic_ecumenical_altar,
          minmay_crystal_room, minmay_tetromino_l2
D:2:      layout_rooms, serial_shops, shop, uniq_natasha, uniq_sigmund

Skill      XL: |  1  2 |
---------------+-------+-----
Armour         | 3 |  3.0
Axes           | 2 |  2.7
Fighting       | |  3.4
Shields        | |  2.8

Action                   || total
-------------------------++-------
Melee: War axe           ||    82
Armor: Scale mail        ||    18
       Chain mail        ||    52
Dodge: Dodged            ||    29
Block: Buckler           ||     8
       Kite shield       ||    26

Table legend: (Time is in decaauts)
 A = Elapsed time spent in this place.
 B = Non-inter-level travel time spent in this place.
 C = Inter-level travel time spent in this place.
 D = Time resting spent in this place.
 E = Time spent auto-exploring this place.
 F = Levels seen in this place.
 G = Mean time per level.
                   A        B        C        D        E       F      G
               +--------+--------+--------+--------+--------+-----+--------+
         Total |   1122 |   1096 |     26 |    232 |    611 |   2 |  561.0 |
       Dungeon |   1122 |   1096 |     26 |    232 |    611 |   2 |  561.0 |
               +--------+--------+--------+--------+--------+-----+--------+

Top non-repeatable levels by time:
     D:1: 831 daAuts
     D:2: 290 daAuts
